Map: Crête de Lerilak

Players

zidar

  • Race: Zerg Zerg
  • League: Silver
  • Spawn Location: 7:00

Azzran - Winner!

  • Race: Zerg Zerg
  • League: Bronze
  • Spawn Location: 5:00

VOD

Have the link to the VOD?

Description

Time

  • Played on: Dec. 16, 2015, 10:32 a.m.
  • Length: 8:23
Show
View Real Time Build Order
Export as new Build Order

zidar Zerg 

Build Orders: Hatch First 

Get SALT Encoding   

  12  0:01  Drone  
  13  0:12  Overlord  
  13  0:17  Drone  
  14  0:30  Drone x2  
  14  0:34  Drone  
  17  0:58  Hatchery  
  16  1:05  Drone  
  16  1:10  Extractor, Drone  
  17  1:19  Spawning Pool  
  17  1:22  Drone  
  17  1:31  Drone x2  
  19  1:41  Overlord  
  19  1:59  Drone  
  19  2:01  Drone  
  21  2:19  Queen x2  
  21  2:21  Drone x2  
  27  2:40  Drone x4  
  30  2:51  Metabolic Boost  
  30  2:55  Zergling x2  
  30  2:56  Zergling x6  
  34  3:06  Baneling Nest  
  34  3:09  Zergling x4  
  21  3:39  Zergling x2  
  21  3:40  Zergling x4  
  21  3:41  Zergling x10  
  27  3:57  Zergling x8  
  30  4:06  Queen x2  
  26  4:51  Zergling x6  
  22  5:12  Roach Warren  
  21  5:24  Extractor  
  21  5:27  Drone x3  
  21  5:28  Drone x3  
  26  5:53  Roach x5  
  26  5:56  Overlord  
  36  5:59  Overlord x2  
  23  6:38  Roach x3  
  29  6:45  Roach  
  29  6:46  Roach x2  
  35  6:54  Roach  
  37  7:15  Roach  
  39  7:16  Roach  
  37  7:50  Roach x2  
  37  7:51  Roach  
Show
View Real Time Build Order
Export as new Build Order

Azzran Zerg - Winner!

Build Orders: Hatch First, Zergling Baneling 

Get SALT Encoding   

  12  0:01  Drone  
  13  0:12  Overlord  
  13  0:17  Drone  
  14  0:30  Drone x2  
  16  0:51  Hatchery  
  16  0:53  Drone  
  16  0:57  Extractor  
  16  0:58  Drone  
  16  1:16  Spawning Pool  
  16  1:17  Drone  
  16  1:20  Drone  
  16  1:24  Drone  
  18  1:38  Drone  
  19  1:41  Overlord  
  19  2:03  Queen  
  19  2:04  Queen  
  19  2:06  Zergling x4  
  25  2:08  Zergling x2  
  26  2:19  Zergling x2  
  26  2:20  Zergling x2  
  29  2:22  Zergling x2  
  29  2:25  Metabolic Boost  
  29  2:29  Zergling x2  
  30  2:34  Zergling x2  
  31  2:37  Zergling x2  
  32  2:46  Zergling x2  
  33  3:02  Zergling x2  
  33  3:03  Baneling Nest, Zergling x4  
  35  3:09  Zergling x2  
  35  3:11  Overlord  
  34  3:25  Zergling x10  
  33  3:39  Zergling x6  
  35  3:59  Zergling x8  
  32  4:15  Baneling x3  
  32  4:16  Baneling x3  
  32  4:19  Zergling x8  
  32  4:20  Zergling x2  
  36  4:37  Zergling x10  
  39  4:47  Zergling x2  
  39  4:52  Baneling x4  
  38  4:53  Baneling  
  31  5:02  Zergling x8  
  35  5:17  Baneling x8  
  35  5:31  Drone x4  
  39  5:40  Queen  
  41  5:58  Overlord x2  
  33  6:31  Zergling x4  
  33  6:32  Zergling x14  
  39  6:33  Roach Warren  
  35  6:50  Baneling  
  35  6:51  Baneling x2  
  35  7:13  Roach x8  
  50  7:28  Baneling x3  
  50  7:43  Roach x2  
  48  7:55  Roach  
  48  7:57  Zergling x2  
  48  7:58  Zergling x16  
Tags
 
Add a new tag
Caveats
  • Supply blocks, unpowered buildings, or Contaminate may cause inaccurate times.
  • Supply counts are checked every 10 seconds.